 Dungeon Crawl Stone Soup version 0.32-a0-779-g362cfcae2a (webtiles) character file.

Game seed: 5929887109694632391

81 kae the Slasher (level 4, -8/33 HPs)
             Began as a Coglin Gladiator on Mar 19, 2024.
             Mangled by an orc priest
             ... wielding a +3 trident of protection
              (10 damage)
             ... on level 3 of the Dungeon.
             The game lasted 00:01:14 (1480 turns).

kae the Slasher (Coglin Gladiator)                  Turns: 1480, Time: 00:01:15

Health: -8/33      AC:  5    Str: 15    XL:     4   Next: 42%
Magic:  4/4        EV: 11    Int:  7    God:
Gold:   186        SH:  0    Dex: 17    Spells: 3/3 levels left

rFire   . . .        a - +1 long sword {Gnaeus}
rCold   . . .        f - +0 dagger {Amurritum}
rNeg    . . .        b - +0 leather armour
rPois   .            c - +0 helmet
rElec   .            t - +0 cloak
rCorr   .            (no gloves)
SInv    .            (no boots)
Will    .....        (amulet unavailable)
Stlth   +            (ring unavailable)
HPRegen 0.25/turn    (ring unavailable)
MPRegen 0.09/turn    (no gizmo)

%: no passive effects
@: hasted, revving, very quick
A: off-hand wielding, slow wielding, warmup strikes, no jewellery
a: Invent Gizmo, Convert to Beogh


You were on level 3 of the Dungeon.
You visited 1 branch of the dungeon, and saw 3 of its levels.

You collected 186 gold pieces.


Innate Abilities, Weirdness & Mutations

You can wield a second weapon in your off-hand.
It takes a long time for you to wield or remove held weapons.
Your first few attacks do less damage.
You cannot equip rings or amulets.


   Skills:
 - Level 2.0 Fighting
 + Level 5.1 Long Blades
 - Level 1.7 Throwing
 - Level 2.6 Dodging


You had 3 spell levels left.
You didn't know any spells.
Your spell library contained the following spells:

 Spells                   Type           Power      Damage    Failure   Level
 Mercury Vapours          Alch/Air       0%         N/A       65%         2
 Mephitic Cloud           Conj/Alch/Air  0%         N/A       86%         3
 Passwall                 Erth           0%         N/A       86%         3
 Volatile Blastmotes      Fire/Tloc      0%         2d10      86%         3
 Freezing Cloud           Conj/Ice/Air   0%         6-21      100%        5
 Bombard                  Conj/Erth      0%         9d1       100%        6

Inventory:

Hand Weapons
 a - a +1 long sword (weapon) {Gnaeus}
 f - a +0 dagger (offhand) {Amurritum}
Missiles
 d - 3 throwing nets (quivered) {=f!f}
 e - a javelin
 h - 20 stones
Armour
 b - a +0 leather armour (worn)
 c - a +0 helmet (worn)
 t - a +0 cloak (worn)
   (You found it on level 2 of the Dungeon)
Scrolls
 j - a scroll of amnesia
Potions
 g - 2 potions of enlightenment {unknown}
 i - 2 potions of haste {@q3}
 k - a potion of heal wounds {unknown}
 l - 2 potions of lignification {unknown}
 o - a potion of curing {unknown}
 p - a potion of resistance
 q - a potion of cancellation {unknown}
 r - 2 potions of attraction {!q}

Dungeon Overview and Level Annotations

Branches:
Dungeon (3/15) Zot: 16515

Altars:
Dithmenos

Annotations:
D:3 exclusion: orc priest

..#.......## #.# #.#
#...## #...#.#.#..#
#.# #.# #.....
.##........# #.# #.#
.....# .##.#.#.#..#
#.#####.. .......
...........###......
#.......
..#.####.#.........
...
...........###o#o###
#...
..######.#....oo...#
#.. #...###@#.#.#
o...
##......#........ .
#......###....o.
#.###### .##### #.#
# #.# ..# .## .


You could see an orc priest and 3 orcs.


Message History

You see here a ball python corpse.
You hit the frilled lizard with your +0 dagger.
You slash the frilled lizard with your +0 long sword!
You kill the frilled lizard!
No target in view!
No target in view!
No target in view!
No target in view!
You see here a frilled lizard corpse.
You now have 186 gold pieces (gained 6).
An adder comes into view.
The adder hisses angrily.
No target in view!
No target in view!
No target in view!
No target in view!
No target in view!
An adder is nearby!
The adder closely misses you.
You see here a golden potion.
You miss the adder with your +0 long sword.
You hit the adder but do no damage. The adder misses you.
The adder bites you but does no damage.
You hit the adder with your +0 dagger.
You closely miss the adder with your +0 long sword.
The adder barely misses you.
You hit the adder with your +0 long sword.
You closely miss the adder with your +0 dagger.
The adder closely misses you.
You slash the adder with your +0 long sword!
You kill the adder!
Your Long Blades skill increases to level 5!
No target in view!
l - 2 golden potions (gained 1)
An orc comes into view. It is wielding a +0 hand axe.
An orc is nearby!
The orc shouts!
You hear a shout!
You start waiting.
An orc is nearby!
The orc closely misses you.
You hit the orc with your +0 dagger.
You hit the orc with your +0 long sword.
You kill the orc!
No target in view!
No target in view!
You start waiting.
An orc comes into view. It is wielding a +0 mace.
An orc is nearby!
You start waiting.
An orc is nearby!
No target in view!
No target in view!
No target in view!
No target in view!
The orc priest shouts!
An orc comes into view. It is wielding a +0 dagger.
Things that are here:
a +0 hand axe; an orc corpse You hit the orc but do no damage.
You closely miss the orc with your +0 long sword.
The orc hits you with a +0 mace.
The orc priest closely misses you. 😕 HP[-3]
You take 3 damage, and now have 30/33 hp.
You closely miss the orc with your +0 dagger.
You barely miss the orc with your +0 long sword.
The orc hits you with a +0 mace.
An orc comes into view. It is wielding a +0 hand axe.
The orc priest barely misses you.
The orc shouts!
You hit the orc with your +0 long sword.
You closely miss the orc with your +0 dagger.
The orc barely misses you.
The orc priest hits you from afar with a +3 trident of protection.
The orc barely misses you.
The orc priest closely misses you. 😕 HP[-5]
You take 5 damage, and now have 25/33 hp.
You closely miss the orc with your +0 long sword.
You hit the orc with your +0 dagger. The orc hits you but does no damage.
The orc priest hits you from afar with a +3 trident of protection!
The orc priest threatens, "Beogh's wrath is as vast as their mercy.
Make your choice!" (press Y on the ability menu to convert to Beogh)
You are too injured to fight recklessly! 😮 HP[-6]
You take 6 damage, and now have 19/33 hp.
Okay, then.
The orc attacks as it pursues you! The orc hits you with a +0 mace.
* * * LOW HITPOINT WARNING * * *
The orc priest attacks as it pursues you!
The orc priest hits you from afar with a +3 trident of protection!
* * * LOW HITPOINT WARNING * * *
😱 HP[-17]
You take 17 damage, and now have 2/33 hp.
MASSIVE DAMAGE!! (PAUSE)
As you read the scroll labelled TYLEIZ QOMOSASCH, it crumbles to dust.
It is a scroll of enchant weapon.
Your +0 long sword {Gnaeus} glows red for a moment.
The orc priest hits you but does no damage.
It was a potion of haste.
You feel yourself speed up.
The orc priest hits you from afar with a +3 trident of protection!
You die...

Skill      XL: |  1  2  3  4 |
---------------+-------------+-----
Long Blades    | 4 5 |  5.1
Fighting       | |  2.0
Throwing       | |  1.7
Dodging        | |  2.6

Action                     |  1- 3 |  4- 6 || total
---------------------------+-------+-------++-------
  Melee: Long sword        |    58 |    24 ||    82
         Dagger            |    48 |    22 ||    70
    Use: Scroll            |       |     8 ||     8
         Potion            |       |     1 ||     1
   Stab: Sleeping          |     1 |       ||     1
 Armour: Leather armour    |    38 |    17 ||    55
  Dodge: Dodged            |    33 |    17 ||    50

Levels and vault maps discovered:
D:1:      wander_arrival_estate, layout_basic, minmay_cut_off
D:2:      layout_rooms, basic_altar
D:3:      layout_loops_cross, nicolae_overflow_squiral, serial_glass,
          glass_columns_a, glass_columns_b, glass_columns_b, glass_columns_a,
          glass_columns_b, glass_columns_c, minmay_misc_feat_secret_circle,
          guppyfry_early_lair_pool

Notes
Turn   | Place    | Note
-------+----------+-------------------------------------------
     0 | D:1      | kae the Coglin Gladiator began the quest for the Orb.
     0 | D:1      | Reached XP level 1. HP: 16/16 MP: 1/1
     0 | D:1      | magus.rc [v1.11.3]
   110 | D:1      | Reached XP level 2. HP: 22/22 MP: 2/2
   266 | D:1      | Reached skill level 4 in Long Blades
   286 | D:1      | Reached XP level 3. HP: 27/27 MP: 3/3
   727 | D:2      | Found a shadowy altar of Dithmenos.
   909 | D:2      | You pick up a book of Vapours and begin reading...
   909 | D:2      | You add the spells Mercury Vapours, Mephitic Cloud and
                  | Freezing Cloud to your library.
   938 | D:2      | Reached XP level 4. HP: 32/33 MP: 4/4
  1074 | D:2      | You pick up a book of Movement and begin reading...
  1074 | D:2      | You add the spells Passwall, Volatile Blastmotes and
                  | Bombard to your library.
  1421 | D:3      | Reached skill level 5 in Long Blades
  1478 | D:3      | HP: 2/33 [orc priest/+3 trident of protection (11)]
  1480 | D:3      | Mangled by an orc priest

Vanquished Creatures
  A gnoll (D:1)
  2 adders
  A ribbon worm (D:2)
  2 dart slugs
  An orc (D:3)
  4 endoplasms
  2 giant cockroaches (D:2)
  6 goblins
  2 hobgoblins
  2 jackals (D:1)
  A quokka (D:2)
  4 ball pythons
  4 bats
  6 frilled lizards
  5 kobolds
  4 rats
47 creatures vanquished.

Table legend:
 A = Non-vault XP
 B = Vault XP
 C = Vault XP percentage of total XP
 D = Non-vault monster count
 E = Vault monster count
 F = Vault count percentage of total count
                 A         B        C        D         E       F
            +---------+---------+-------+---------+---------+-------
      Total |      99 |      18 |  15.4 |      44 |       3 |   6.4
            +---------+---------+-------+---------+---------+-------
        D:1 |      22 |      18 |  45.0 |      13 |       3 |  18.8
        D:2 |      55 |       0 |   0.0 |      25 |       0 |   0.0
        D:3 |      22 |       0 |   0.0 |       6 |       0 |   0.0
            +---------+---------+-------+---------+---------+-------

Skill      XL: |  1  2  3  4 |
---------------+-------------+-----
Long Blades    | 4 5 |  5.1
Fighting       | |  2.0
Throwing       | |  1.7
Dodging        | |  2.6

Action                     |  1- 3 |  4- 6 || total
---------------------------+-------+-------++-------
  Melee: Long sword        |    58 |    24 ||    82
         Dagger            |    48 |    22 ||    70
    Use: Scroll            |       |     8 ||     8
         Potion            |       |     1 ||     1
   Stab: Sleeping          |     1 |       ||     1
 Armour: Leather armour    |    38 |    17 ||    55
  Dodge: Dodged            |    33 |    17 ||    50

Illustrated notes

Table legend:
 A = Kills in this place as a percentage of kills in the entire game.
 B = Kills by you in this place as a percentage of kills by you in the entire game.
 C = Kills by friends in this place as a percentage of kills by friends in the entire game.
 D = Other kills in this place as a percentage of other kills in the entire game.
 E = Experience gained in this place as a percentage of experience gained in the entire game.
 F = Experience gained in this place divided by the number of levels of this place that you have seen.
                   A       B       C       D       E      F
               +-------+-------+-------+-------+-------+----------------------
         Total | 100.0 | 100.0 |   N/A |   N/A | 100.0 |  39.0
       Dungeon | 100.0 | 100.0 |   N/A |   N/A | 100.0 |  39.0
               +-------+-------+-------+-------+-------+----------------------

Table legend: (Time is in decaauts)
 A = Elapsed time spent in this place.
 B = Non-inter-level travel time spent in this place.
 C = Inter-level travel time spent in this place.
 D = Time resting spent in this place.
 E = Time spent auto-exploring this place.
 F = Levels seen in this place.
 G = Mean time per level.
                   A        B        C        D        E       F      G
               +--------+--------+--------+--------+--------+-----+--------+
         Total |   1483 |   1432 |     51 |     30 |   1114 |   3 |  494.3 |
       Dungeon |   1483 |   1432 |     51 |     30 |   1114 |   3 |  494.3 |
               +--------+--------+--------+--------+--------+-----+--------+

Top non-repeatable levels by time:
     D:1: 729 daAuts
     D:2: 508 daAuts
     D:3: 245 daAuts
